[Event "Titled Tuesday Blitz September 21 2021"]
[White "Kubatko, Ivan"]
[Black "Manafov, Vugar"]
[WhiteFideId "24111473"]
[BlackFideId "13410814"]
[WhiteElo "2285"]
[BlackElo "2274"]
[Result "0-1"]
[Round "03"]
[TimeControl "180+1"]
[Date "2021.09.21"]
[WhiteClock "0:00:12"]
[BlackClock "0:01:42"]

1. e4 Nf6 2. e5 Nd5 3. d4 d6 4. exd6 cxd6 5. c4 Nb6 6. Nc3 g6 7. Nf3 Bg7 8. Be2 O-O 9. O-O Bg4 10. b3 Nc6 11. Be3 d5 12. c5 Nc8 13. h3 Bxf3 14. Bxf3 e6 15. a3 N8e7 16. g4 f5 17. Ne2 fxg4 18. Bxg4 Nf5 19. Nf4 Qf6 20. Ne2 h5 21. Bf3 Nxe3 22. fxe3 Qg5+ 23. Kh1 Qxe3 24. Bg2 Rxf1+ 25. Qxf1 Rf8 0-1


[Site "https://www.chess.com"]

[Event "Titled Tuesday Blitz September 21 2021"]
[White "Kushko, Dmitriy"]
[Black "Gabrielian, Artur"]
[WhiteFideId "14162261"]
[BlackFideId "4131002"]
[WhiteElo "2219"]
[BlackElo "2489"]
[Result "0-1"]
[Round "03"]
[TimeControl "180+1"]
[Date "2021.09.21"]
[WhiteClock "0:00:04"]
[BlackClock "0:00:49"]

1. Nf3 Nf6 2. g3 g6 3. Bg2 Bg7 4. c4 O-O 5. O-O d6 6. d4 c5 7. Nc3 Nc6 8. dxc5 dxc5 9. Bf4 Be6 10. Ne5 Nxe5 11. Bxe5 Qb6 12. Qb3 Qb4 13. Bxb7 Rad8 14. Bd5 Nxd5 15. Bxg7 Nxc3 16. Bxc3 Qxc4 17. Qxc4 Bxc4 18. Rfe1 f6 19. f3 e5 20. Kf2 Kf7 21. b3 Be6 22. Rac1 Rc8 23. Red1 Rc6 24. Rd2 g5 25. Rcd1 h5 26. Rd6 Rfc8 27. Rxc6 Rxc6 28. e4 c4 29. b4 Ra6 30. Rd2 Ra3 31. Rc2 a6 32. Ke1 g4 33. f4 exf4 34. gxf4 h4 35. Kd2 f5 36. e5 Bd5 37. Kc1 g3 38. hxg3 h3 39. Kb2 Bg2 40. Rxg2 hxg2 41. Bd4 Rd3 42. Bc5 Ke6 43. a4 Rxg3 44. b5 axb5 45. axb5 Rb3+ 0-1


[Site "https://www.chess.com"]

[Event "Titled Tuesday Blitz September 21 2021"]
[White "Kwon, Sehyun"]
[Black "Vokhidov, Shamsiddin"]
[WhiteFideId "13203088"]
[BlackFideId "14204223"]
[WhiteElo "1778"]
[BlackElo "2616"]
[Result "0-1"]
[Round "03"]
[TimeControl "180+1"]
[Date "2021.09.21"]
[WhiteClock "0:00:04"]
[BlackClock "0:01:32"]

1. Nf3 c5 2. e4 d6 3. Bb5+ Nd7 4. c3 Nf6 5. Qe2 a6 6. Ba4 b5 7. Bc2 Bb7 8. d4 cxd4 9. cxd4 Rc8 10. a3 Bxe4 11. Nc3 Bxc2 12. Qxc2 g6 13. O-O Bg7 14. Re1 O-O 15. Bg5 Nb6 16. Qe2 Rc7 17. Rad1 Nfd5 18. Nxd5 Nxd5 19. Qe4 Nf6 20. Qd3 Qd7 21. d5 Rfc8 22. Qe3 h6 23. Bxf6 exf6 24. Nd4 f5 25. Nc6 Kh7 26. b4 Bf6 27. Qb6 Ra8 28. Re2 Rb7 29. Qe3 Kg7 30. Rde1 Rc7 31. Qb6 Rcc8 32. g3 Re8 33. Kf1 Bc3 34. Rxe8 Rxe8 35. Rc1 f4 36. Kg2 f3+ 37. Kxf3 Qf5+ 38. Kg2 Qxd5+ 39. Kg1 Re2 0-1


[Site "https://www.chess.com"]

[Event "Titled Tuesday Blitz September 21 2021"]
[White "Lashkin, Jegor"]
[Black "Martins, Vinicius Tine"]
[WhiteFideId "13907808"]
[BlackFideId "2112884"]
[WhiteElo "2293"]
[BlackElo "2373"]
[Result "1-0"]
[Round "03"]
[TimeControl "180+1"]
[Date "2021.09.21"]
[WhiteClock "0:00:35"]
[BlackClock "0:00:49"]

1. a3 e5 2. c4 c6 3. d4 exd4 4. Qxd4 d5 5. e3 Nf6 6. Nf3 Be7 7. Be2 O-O 8. O-O Be6 9. Nbd2 c5 10. Qc3 Nc6 11. cxd5 Nxd5 12. Qc2 Rc8 13. b3 Bf6 14. Bb2 Bxb2 15. Qxb2 Qf6 16. Qc2 Bf5 17. Qxc5 Nc3 18. Rae1 Nxe2+ 19. Rxe2 Bd3 20. Ree1 Bxf1 21. Rxf1 Rfd8 22. Ne4 Qe7 23. Qf5 g6 24. Qf4 Kg7 25. h4 h6 26. h5 g5 27. Nfxg5 hxg5 28. Nxg5 Qe5 29. Qxf7+ Kh6 30. Qg6# 1-0


[Site "https://www.chess.com"]

[Event "Titled Tuesday Blitz September 21 2021"]
[White "Lysyj, Igor"]
[Black "Omariev, Maksim"]
[WhiteFideId "4150120"]
[BlackFideId "4193423"]
[WhiteElo "2660"]
[BlackElo "2453"]
[Result "0-1"]
[Round "03"]
[TimeControl "180+1"]
[Date "2021.09.21"]
[WhiteClock "0:00:01"]
[BlackClock "0:00:03"]

1. d4 Nf6 2. c4 e6 3. Nf3 d5 4. g3 Be7 5. Bg2 O-O 6. Qb3 a6 7. Bf4 Nc6 8. Nbd2 Na5 9. Qc2 Nxc4 10. Nxc4 dxc4 11. Qxc4 b5 12. Qxc7 Qxc7 13. Bxc7 Bb7 14. Ba5 Rac8 15. O-O Rc2 16. Ne1 Bxg2 17. Nxc2 Bxf1 18. Kxf1 Rc8 19. Ne3 Ne4 20. f3 Bg5 21. fxe4 Bxe3 22. Rd1 Kf8 23. Bc3 Ke7 24. d5 f6 25. Rd3 Bc5 26. a3 Bd6 27. Kg2 Rc4 28. Kf3 h5 29. dxe6 Kxe6 30. h3 g5 31. g4 hxg4+ 32. hxg4 Rc8 33. Rd5 Rh8 34. Rf5 Rh3+ 35. Kf2 Rh6 36. Kf3 Rh3+ 37. Kf2 Rh6 38. Rd5 Rh2+ 39. Kf1 Rh4 40. Bxf6 Rxg4 41. Bxg5 Be5 42. Bc1 Rxe4 43. Rd3 Rc4 44. Bd2 Bxb2 45. Rh3 Ra4 46. Bb4 a5 47. Bf8 Kd5 48. Rh5+ Kc4 49. Rh4+ Kb3 50. Rh5 Rf4+ 51. Kg2 Rxf8 52. Rxb5+ Kxa3 53. Rxa5+ Kb4 54. Rd5 Kc4 55. Rd7 Bd4 56. e4 Rf4 57. Re7 Kd3 58. Kg3 Rf6 59. e5 Rf8 60. e6 Ke4 61. Rf7 Re8 62. e7 Bc5 63. Rf4+ Kd5 64. Rf5+ Kc6 65. Rf6+ Kd7 66. Ra6 Bxe7 67. Ra7+ Ke6 68. Ra6+ Kf7 69. Kg4 Rg8+ 70. Kf5 Rb8 71. Ra5 Rb6 72. Rd5 Rh6 73. Kg4 Rh4+ 74. Kf5 Rh5+ 75. Ke4 Rh1 76. Kf5 Rf1+ 77. Kg4 Kg6 78. Rb5 Bd6 79. Rb6 Rd1 80. Rb5 Rd4+ 81. Kf3 Kf6 82. Rh5 Be5 83. Rh7 Kf5 84. Rf7+ Ke6 85. Rf8 Ra4 86. Ke2 Ra3 87. Kf2 Kd5 88. Kg2 Ke4 89. Rf2 Rg3+ 90. Kf1 Bf4 91. Re2+ Be3 92. Rg2 Rh3 93. Ke2 Rh1 94. Rg4+ Bf4 95. Rg2 Ra1 96. Kf2 Ra2+ 97. Kf1 Ra1+ 98. Ke2 Ra3 99. Kf2 Rf3+ 100. Ke2 Bg3 101. Rg1 Re3+ 102. Kd2 Ra3 103. Kc2 Bf2 104. Rg4+ Kd5 105. Rg8 Bd4 106. Rd8+ Kc4 107. Rc8+ Bc5 108. Kc1 Ra2 109. Rc7 Rh2 110. Rc8 Kb4 111. Rc7 Bd4 112. Kd1 Bc3 113. Rc8 Kb3 114. Rc7 Rd2+ 0-1


[Site "https://www.chess.com"]

[Event "Titled Tuesday Blitz September 21 2021"]
[White "Macovei, Andrei"]
[Black "Ismayil, Malak"]
[WhiteFideId "13904680"]
[BlackFideId "13412604"]
[WhiteElo "2389"]
[BlackElo "1879"]
[Result "1-0"]
[Round "03"]
[TimeControl "180+1"]
[Date "2021.09.21"]
[WhiteClock "0:00:19"]
[BlackClock "0:00:03"]

1. e4 e5 2. Nf3 Nc6 3. Bb5 a6 4. Ba4 Nf6 5. O-O d6 6. c3 Be7 7. Re1 O-O 8. h3 b5 9. Bb3 Na5 10. Bc2 Re8 11. d4 exd4 12. cxd4 Bb7 13. Bf4 Nc4 14. b3 Nb6 15. Nbd2 Qd7 16. Nf1 g6 17. Ng3 Bf8 18. Qd2 Bg7 19. Bh6 Bh8 20. Qf4 Re6 21. d5 Ree8 22. Rad1 Rad8 23. Bg5 Qe7 24. Nd4 Nbd7 25. Qh4 Qf8 26. f4 Qg7 27. Bh6 g5 28. fxg5 Qg6 29. e5 Nxe5 30. Qf4 Nxd5 31. Qf2 Nd3 32. Rxe8+ Rxe8 33. Bxd3 Bxd4 34. Qxd4 Qe6 35. Qg7# 1-0


[Site "https://www.chess.com"]

[Event "Titled Tuesday Blitz September 21 2021"]
[White "Martin Carmona, Gaston Manuel"]
[Black "Rojas Alarcon, Julian Antonio"]
[WhiteFideId "22284567"]
[BlackFideId "5107407"]
[WhiteElo "2161"]
[BlackElo "2333"]
[Result "0-1"]
[Round "03"]
[TimeControl "180+1"]
[Date "2021.09.21"]
[WhiteClock "0:00:03"]
[BlackClock "0:00:18"]

1. c4 Nf6 2. g3 e6 3. Bg2 d5 4. Nf3 Be7 5. d4 dxc4 6. O-O a6 7. Ne5 Ra7 8. Nxc4 b5 9. Ne5 c5 10. a4 bxa4 11. Qxa4+ Nfd7 12. Bd2 Bb7 13. Nc3 cxd4 14. Nb5 Nc5 15. Qxd4 Qxd4 16. Nxd4 Bxg2 17. Kxg2 Rb7 18. Bc3 O-O 19. Rfd1 Ne4 20. f3 Nxc3 21. bxc3 Bf6 22. Nd3 Rc8 23. Ra3 h6 24. e4 Rbc7 25. e5 Be7 26. Rb3 Rxc3 27. Rdb1 Rxb3 28. Rxb3 Nc6 29. Rc3 Na7 30. Rb3 Rd8 31. Rb7 Rxd4 32. Rxe7 Nc6 33. Rc7 Rxd3 34. Rxc6 Rd2+ 35. Kh3 Ra2 36. f4 a5 37. Ra6 a4 38. Ra8+ Kh7 39. Kg4 Kg6 40. h3 Ra3 41. Ra7 h5+ 42. Kh4 Ra1 43. Ra6 a3 44. Ra5 a2 45. Ra6 f6 46. exf6 gxf6 47. Ra5 e5 48. fxe5 fxe5 49. Ra6+ Kf5 50. Kxh5 e4 51. g4+ Kf4 52. g5 e3 53. g6 e2 54. g7 Rg1 55. Ra4+ Kf3 56. Rg4 Rxg4 57. hxg4 e1=Q 58. g8=Q Qe5+ 59. Kh4 a1=Q 60. Qb3+ Qac3 61. Qd1+ Kf2 0-1


[Site "https://www.chess.com"]

[Event "Titled Tuesday Blitz September 21 2021"]
[White "Martinez Alcantara, Jose Eduardo"]
[Black "Peralta, Eduardo"]
[WhiteFideId "3805662"]
[BlackFideId "3700062"]
[WhiteElo "3021"]
[BlackElo "2718"]
[Result "0-1"]
[Round "03"]
[TimeControl "180+1"]
[Date "2021.09.21"]
[WhiteClock "0:00:05"]
[BlackClock "0:00:12"]

1. e4 c5 2. Nf3 Nc6 3. c3 e5 4. Bc4 Nf6 5. Ng5 d5 6. exd5 Na5 7. Bb5+ Bd7 8. Qa4 a6 9. Bxd7+ Nxd7 10. d3 Be7 11. Ne6 fxe6 12. dxe6 Nc6 13. exd7+ Qxd7 14. Qe4 O-O-O 15. Be3 Qxd3 16. Qxd3 Rxd3 17. Ke2 Rhd8 18. Nd2 b6 19. Ne4 Kc7 20. h4 R8d7 21. h5 c4 22. Rh3 R3d5 23. Rg3 Bd8 24. Nd2 b5 25. Ne4 Rf7 26. Rg4 Be7 27. a4 Nd8 28. axb5 axb5 29. Ra7+ Kc6 30. h6 g6 31. Rg3 Ne6 32. Rf3 Nf4+ 33. Bxf4 exf4 34. Rh3 Re5 35. f3 Kb6 36. Rd7 Kc6 37. Ra7 Kb6 38. Ra8 Rf8 39. Rxf8 Bxf8 40. Rh1 Rh5 41. Rxh5 gxh5 42. Nf6 Bxh6 43. Nxh7 Ka5 44. Nf6 Ka4 45. Kd2 Kb3 46. Kc1 Bg7 47. Nd5 Be5 48. Nb4 Bd6 49. Nc6 Bc5 50. Kb1 Be3 51. Nd4+ Bxd4 52. cxd4 Ka4 53. Kc2 b4 54. b3+ Kb5 55. d5 c3 56. d6 Kc6 57. Kd3 Kxd6 58. Ke2 Ke5 59. Ke1 Kd4 60. Ke2 h4 61. g4 hxg3 0-1


[Site "https://www.chess.com"]

[Event "Titled Tuesday Blitz September 21 2021"]
[White "Mirzoev, Azer"]
[Black "Loy, Konstantin"]
[WhiteFideId "13400304"]
[BlackFideId "14122499"]
[WhiteElo "2525"]
[BlackElo "2084"]
[Result "1-0"]
[Round "03"]
[TimeControl "180+1"]
[Date "2021.09.21"]
[WhiteClock "0:02:02"]
[BlackClock "0:00:09"]

1. c4 c5 2. Nc3 Nc6 3. g3 g6 4. Bg2 Bg7 5. a3 Nf6 6. Rb1 O-O 7. b4 d6 8. bxc5 dxc5 9. Nh3 Rb8 10. O-O Bd7 11. Nf4 b6 12. d3 Qc8 13. Bb2 e5 14. Nfd5 Bh3 15. Nxf6+ Bxf6 16. Nd5 Bg7 17. Bxh3 Qxh3 18. e4 f5 19. f3 Nd4 20. Bxd4 exd4 21. Qe2 Bh6 22. Qg2 Qh5 23. f4 fxe4 24. Qxe4 Rbe8 25. Qxe8 Rxe8 26. Nf6+ Kf7 27. Nxh5 gxh5 28. Rbe1 Rxe1 29. Rxe1 Bf8 30. a4 Bd6 31. Kf2 h4 32. Kf3 hxg3 33. hxg3 a6 34. g4 b5 35. axb5 axb5 36. cxb5 1-0


[Site "https://www.chess.com"]

[Event "Titled Tuesday Blitz September 21 2021"]
[White "Murzin, Volodar"]
[Black "Dong, Bao Nghia"]
[WhiteFideId "44155573"]
[BlackFideId "12400343"]
[WhiteElo "2514"]
[BlackElo "2414"]
[Result "1-0"]
[Round "03"]
[TimeControl "180+1"]
[Date "2021.09.21"]
[WhiteClock "0:00:09"]
[BlackClock "0:00:13"]

1. e4 e6 2. d4 d5 3. Nc3 dxe4 4. Nxe4 Bd7 5. Nf3 Bc6 6. Bd3 Nd7 7. O-O Ngf6 8. Nxf6+ Qxf6 9. Re1 h6 10. c3 Bd6 11. Nd2 O-O 12. Ne4 Qg6 13. Ng3 Qf6 14. Qg4 Bxg3 15. Qxg3 Rac8 16. Bf4 Rfe8 17. Bxc7 a6 18. Bf4 g5 19. Bd2 e5 20. h4 e4 21. hxg5 hxg5 22. Bxg5 Qg7 23. Bc2 Re6 24. Be3 Rg6 25. Qh3 Re8 26. Rad1 Nf6 27. c4 Bd7 28. Qh1 Bg4 29. Kf1 Bxd1 30. Bxd1 Ng4 31. Bxg4 Rxg4 32. g3 Qf6 33. Ke2 Kg7 34. Kd2 Rh8 35. Qg2 Qb6 36. Kc2 Qb4 37. Qf1 Rc8 38. b3 b5 39. c5 a5 40. Qe2 Rg6 41. Qd2 Qa3 42. Kb1 a4 43. b4 Rf6 44. d5 Rf3 45. d6 Qd3+ 46. Qxd3 exd3 47. Kc1 Rf5 48. Kd2 Rd5 49. Rh1 Kg6 50. Rh6+ Kg7 51. Rh4 f5 52. Rd4 Rxd4 53. Bxd4+ Kf7 54. d7 Rd8 55. c6 Ke6 56. Bb6 Rh8 57. d8=Q Rxd8 58. Bxd8 Kd6 59. Kxd3 Kxc6 60. Kd4 Kd6 61. Bg5 Ke6 62. Kc5 1-0


[Site "https://www.chess.com"]

[Event "Titled Tuesday Blitz September 21 2021"]
[White "Mustafayev, Farid"]
[Black "Begunov, Konstantin"]
[WhiteFideId "13408771"]
[BlackFideId "4118510"]
[WhiteElo "2097"]
[BlackElo "2262"]
[Result "0-1"]
[Round "03"]
[TimeControl "180+1"]
[Date "2021.09.21"]
[WhiteClock "0:00:27"]
[BlackClock "0:00:19"]

1. d4 d5 2. c4 c6 3. Nc3 Nf6 4. Nf3 dxc4 5. a4 Bg4 6. Ne5 Bh5 7. f3 Nfd7 8. Nxc4 e5 9. dxe5 Qh4+ 10. g3 Qxc4 11. e3 Qb4 12. h4 Nxe5 13. g4 Nxf3+ 14. Qxf3 Bxg4 15. Qg2 h5 16. Bd3 Nd7 17. Bd2 Ne5 18. Be2 Qxb2 19. Rb1 Qc2 20. Rxb7 O-O-O 21. Ba6 Nf3+ 22. Kf2 Rxd2+ 23. Ne2 Rxe2+ 24. Bxe2 Kxb7 25. Rd1 Bc5 26. Kf1 Qe4 27. Bd3 Qxe3 28. Be2 Re8 29. Rb1+ Ka8 0-1


[Site "https://www.chess.com"]

[Event "Titled Tuesday Blitz September 21 2021"]
[White "Nazaretyan, Tigran"]
[Black "Novikova, Galina"]
[WhiteFideId "24162345"]
[BlackFideId "4157095"]
[WhiteElo "2212"]
[BlackElo "1844"]
[Result "1-0"]
[Round "03"]
[TimeControl "180+1"]
[Date "2021.09.21"]
[WhiteClock "0:00:28"]
[BlackClock "0:00:05"]

1. d4 d5 2. c4 e5 3. dxe5 d4 4. Nf3 Nc6 5. a3 Nge7 6. b4 Ng6 7. Bb2 a5 8. b5 Ncxe5 9. Nxe5 Nxe5 10. e3 c5 11. exd4 cxd4 12. Qxd4 Bd6 13. c5 Bc7 14. Qxd8+ Kxd8 15. Nc3 Be6 16. Rd1+ Ke7 17. b6 Bb8 18. Nd5+ Bxd5 19. Rxd5 f6 20. Bb5 Rd8 21. Rxd8 Kxd8 22. Ke2 Nc6 23. Rd1+ Ke7 24. Bxc6 bxc6 25. g3 a4 26. f4 Ra5 27. Bc3 Ra8 28. Kf3 h6 29. Kg4 g6 30. Rd2 h5+ 31. Kf3 Ra6 32. Ke4 Ra8 33. Rd4 Ra6 34. Kd3 Ra8 35. h4 g5 36. Ke4 gxh4 37. gxh4 Ra6 38. Kf5 Ra8 39. Re4+ Kf7 40. Bxf6 Ra5 41. Bd4 Rb5 42. Kg5 Rb3 43. Re3 Rb1 44. Kxh5 Rf1 45. Be5 Bxe5 46. fxe5 Rf5+ 47. Kg4 Rf1 48. e6+ Ke7 49. h5 Rc1 50. h6 Rh1 51. Rh3 Rg1+ 52. Kf5 Rf1+ 53. Ke4 Re1+ 54. Kd3 Rd1+ 55. Kc2 Rd8 56. h7 Rh8 57. Rh6 Kf8 58. Kc3 Kg7 59. Rh5 Kf6 60. Rh6+ Kg7 61. Rh1 Kf6 62. b7 Kxe6 63. b8=Q Rxb8 64. h8=Q Rxh8 65. Rxh8 1-0


[Site "https://www.chess.com"]

[Event "Titled Tuesday Blitz September 21 2021"]
[White "Nenezic, Marko"]
[Black "Boros, Denes"]
[WhiteFideId "912123"]
[BlackFideId "722340"]
[WhiteElo "2481"]
[BlackElo "2464"]
[Result "1-0"]
[Round "03"]
[TimeControl "180+1"]
[Date "2021.09.21"]
[WhiteClock "0:01:04"]
[BlackClock "0:01:15"]

1. Nf3 g6 2. c4 Bg7 3. d4 d6 4. e4 Bg4 5. Be2 Nc6 6. Nbd2 e6 7. h3 Bxf3 8. Nxf3 Nge7 9. O-O O-O 10. d5 exd5 11. cxd5 Nb8 12. Qb3 Nd7 13. Qxb7 Nc5 14. Qb4 Rb8 15. Qc4 c6 16. Nd4 cxd5 17. exd5 Qa5 18. Nc6 Nxc6 19. dxc6 Rb4 20. Bd2 Rxc4 21. Bxa5 Rc2 22. Bf3 Bxb2 23. Rad1 Ne6 24. Rxd6 h5 25. Rfd1 Ba3 26. R6d3 Rxa2 27. Bd5 Rc2 28. Rxa3 Nf4 29. Bf3 h4 30. Rc3 Ra2 31. Bc7 Ne6 32. Be5 Ra5 33. Rd5 Ra1+ 34. Kh2 f6 35. Rd6 Re8 1-0


[Site "https://www.chess.com"]

[Event "Titled Tuesday Blitz September 21 2021"]
[White "Obolentseva, Alexandra"]
[Black "Makhnev, Denis"]
[WhiteFideId "24153648"]
[BlackFideId "13707647"]
[WhiteElo "2113"]
[BlackElo "2537"]
[Result "0-1"]
[Round "03"]
[TimeControl "180+1"]
[Date "2021.09.21"]
[WhiteClock "0:00:43"]
[BlackClock "0:01:58"]

1. d4 d5 2. c4 c6 3. Nf3 Nf6 4. Nc3 e6 5. Bg5 h6 6. Bh4 dxc4 7. e4 g5 8. Bg3 b5 9. a3 Bb7 10. Be2 Nbd7 11. O-O Nh5 12. Nxg5 Nxg3 13. Nxf7 Nxe2+ 14. Qxe2 Kxf7 15. f4 Bg7 16. Rad1 Rf8 17. f5 exf5 18. exf5 Kg8 19. Qe6+ Kh8 20. Ne4 Qe8 21. Nd6 Qxe6 22. fxe6 Rxf1+ 23. Kxf1 Bc8 24. Nxc8 Rxc8 25. exd7 Rd8 26. a4 Rxd7 27. axb5 cxb5 0-1


[Site "https://www.chess.com"]

[Event "Titled Tuesday Blitz September 21 2021"]
[White "Onyshchuk, Volodymyr"]
[Black "Derraugh, Geordie"]
[WhiteFideId "14114038"]
[BlackFideId "2603950"]
[WhiteElo "2603"]
[BlackElo "2116"]
[Result "1-0"]
[Round "03"]
[TimeControl "180+1"]
[Date "2021.09.21"]
[WhiteClock "0:00:45"]
[BlackClock "0:00:04"]

1. e4 e5 2. Nf3 Nc6 3. Bc4 Bc5 4. d3 d6 5. c3 h6 6. b4 Bb6 7. Nbd2 Nf6 8. Bb3 O-O 9. Nc4 Bg4 10. h3 Bxf3 11. Qxf3 Re8 12. O-O d5 13. Nxb6 dxe4 14. dxe4 axb6 15. a4 Qe7 16. Ba3 Qd7 17. Rad1 Qc8 18. Bc1 Kh7 19. Bxf7 Rf8 20. Bb3 Qe8 21. Rd3 Nh5 22. Qg4 Nf4 23. Rg3 g6 24. Rd1 h5 25. Qd7+ Kh6 26. Qxc7 Rf6 27. Rd7 Qh8 28. Rf7 Rf8 29. Rxf8 Qxf8 30. Qxb7 g5 31. Bxf4 gxf4 32. Rg8 Qe7 33. Qxe7 Nxe7 34. Re8 Ng6 35. Re6 Rxe6 36. Bxe6 f3 37. g3 Nf4 38. gxf4 1-0


[Site "https://www.chess.com"]

[Event "Titled Tuesday Blitz September 21 2021"]
[White "Pakleza, Zbigniew"]
[Black "Erdogmus, Yagiz Kaan"]
[WhiteFideId "1119290"]
[BlackFideId "44599790"]
[WhiteElo "2526"]
[BlackElo "1783"]
[Result "0-1"]
[Round "03"]
[TimeControl "180+1"]
[Date "2021.09.21"]
[WhiteClock "0:00:57"]
[BlackClock "0:00:29"]

1. d4 Nf6 2. Bf4 g6 3. e3 Bg7 4. Nf3 O-O 5. Be2 d6 6. h3 c5 7. c3 Qb6 8. Qb3 Be6 9. Qxb6 axb6 10. a3 Nc6 11. Nbd2 Na5 12. O-O Rfc8 13. Rfe1 Nb3 14. Nxb3 Bxb3 15. Bd3 Nd5 16. Bg3 c4 17. Be4 Ra5 18. Nd2 Ba4 19. Nxc4 Rxc4 20. b4 Rb5 21. Bd3 Rxc3 22. Bxb5 Bxb5 23. Rec1 f5 24. Kh2 Bc6 25. Rxc3 Nxc3 26. f3 e5 27. dxe5 dxe5 28. Be1 Nd5 29. Bd2 b5 30. Rd1 Nb6 31. Bc1 Bf6 32. Kg3 Nc4 33. Kf2 Kf7 34. g4 Ke6 35. gxf5+ gxf5 36. Rg1 Kf7 37. Ke2 e4 38. f4 Nb2 39. Bxb2 Bxb2 40. Rb1 Bf6 41. Kd2 Bd5 42. Kc2 Bc4 43. Rd1 Bd3+ 44. Kb3 Bh4 45. Rc1 Bc4+ 46. Kc3 Bf6+ 47. Kc2 Ke6 48. Kd2 Bb2 49. Rb1 Bf6 50. Rc1 Kd5 51. Rg1 Bb2 52. Kc2 Bf6 53. Rg8 Bd3+ 54. Kb3 Be2 55. Kc2 Bd3+ 56. Kb3 Bf1 57. h4 Bxh4 58. Rh8 Bf2 59. Rxh7 Bxe3 60. Rxb7 Bxf4 61. a4 Bc4+ 62. Ka3 Bc1# 0-1


[Site "https://www.chess.com"]

[Event "Titled Tuesday Blitz September 21 2021"]
[White "Perez Gormaz, Matias"]
[Black "Visakh N R"]
[WhiteFideId "3406342"]
[BlackFideId "25012223"]
[WhiteElo "2352"]
[BlackElo "2454"]
[Result "0-1"]
[Round "03"]
[TimeControl "180+1"]
[Date "2021.09.21"]
[WhiteClock "0:00:04"]
[BlackClock "0:00:09"]

1. e4 c6 2. d4 d5 3. e5 Bf5 4. h4 h6 5. g4 Be4 6. f3 Bh7 7. e6 fxe6 8. Bd3 Bxd3 9. Qxd3 Nf6 10. Qg6+ Kd7 11. Ne2 Na6 12. c3 Nc7 13. Bf4 Qe8 14. Qc2 Qf7 15. Nd2 Nfe8 16. Nb3 Kc8 17. O-O-O a5 18. Nc5 g6 19. Qb3 b5 20. Rhe1 Bg7 21. Kb1 Na6 22. Nd3 Nd6 23. Be5 Nc4 24. Bxg7 Qxg7 25. Nef4 Nc7 26. Qc2 Qf6 27. Qc1 g5 28. hxg5 hxg5 29. Nh5 Qxf3 30. Qxg5 Kb7 31. Nhf4 Rh2 32. Qxe7 Rd2 33. Nc5+ Kb6 34. Nd7+ Ka6 35. Nc5+ Kb6 36. Nd7+ Ka7 37. Rxd2 Nxd2+ 38. Ka1 Qxf4 39. Ne5 Kb7 40. Qc5 Ra6 41. g5 Ne4 42. Qe7 Qxg5 43. Qe8 Nxe8 44. Nd7 Qh4 45. Nc5+ 0-1


[Site "https://www.chess.com"]

[Event "Titled Tuesday Blitz September 21 2021"]
[White "Piesik, Piotr"]
[Black "Rakhmanov, Aleksandr"]
[WhiteFideId "1136194"]
[BlackFideId "4173708"]
[WhiteElo "2365"]
[BlackElo "2554"]
[Result "0-1"]
[Round "03"]
[TimeControl "180+1"]
[Date "2021.09.21"]
[WhiteClock "0:00:04"]
[BlackClock "0:00:05"]

1. Nf3 Nf6 2. g3 g6 3. Bg2 Bg7 4. O-O O-O 5. d4 d5 6. c4 c6 7. Nc3 dxc4 8. a4 a5 9. e3 Na6 10. Qe2 Be6 11. Ng5 Qd7 12. Nxe6 Qxe6 13. Bd2 Nb4 14. Rab1 Rfd8 15. Rfd1 Rab8 16. Qf3 Nd3 17. Ne4 Rd5 18. Nxf6+ Bxf6 19. Qe4 Qd7 20. b3 Nc5 21. dxc5 c3 22. Qc4 Rxd2 23. Rxd2 Qxd2 24. Be4 Rd8 25. b4 axb4 26. Rxb4 Rd7 27. Rb1 Kg7 28. a5 h5 29. h4 Rc7 30. Kg2 Be5 31. Rb6 Qe1 32. Rb1 Qd2 33. Rb6 Qc1 34. a6 bxa6 35. Rxc6 Rd7 36. Bxg6 fxg6 37. Qe6 Qd2 38. Qxg6+ Kf8 39. Rc8+ Rd8 40. Qf5+ Bf6 41. Rxd8+ Qxd8 42. c6 c2 43. Qxc2 Qc7 44. Qc4 a5 45. Qb5 Kg7 46. f4 e6 47. Qb7 Bd8 48. Qb5 Qd6 49. Kf3 Bc7 50. Qc4 Kf7 51. Qb5 Qd5+ 52. Qxd5 exd5 53. e4 a4 54. exd5 a3 55. d6 Bxd6 0-1


[Site "https://www.chess.com"]

[Event "Titled Tuesday Blitz September 21 2021"]
[White "Quparadze, Giga"]
[Black "Tisaj, Domen"]
[WhiteFideId "13602250"]
[BlackFideId "14628708"]
[WhiteElo "2658"]
[BlackElo "2272"]
[Result "1-0"]
[Round "03"]
[TimeControl "180+1"]
[Date "2021.09.21"]
[WhiteClock "0:02:15"]
[BlackClock "0:01:04"]

1. e4 c5 2. Ne2 d6 3. g3 Nc6 4. Bg2 g6 5. c3 Bg7 6. d4 cxd4 7. cxd4 Nf6 8. Nbc3 O-O 9. O-O Bd7 10. h3 Rc8 11. f4 a6 12. e5 Ne8 13. Be3 e6 14. Ne4 Nb4 15. N2c3 Nd5 16. Nxd5 exd5 17. Nc3 Nc7 18. Nxd5 Nxd5 19. Bxd5 Bxh3 20. Rf2 Rc7 21. Rd2 Rd7 22. Qf3 dxe5 23. dxe5 Bg4 24. Qxg4 Rxd5 25. Rad1 Rxd2 26. Rxd2 Qa5 27. Qd7 Qxa2 28. Qxb7 Qe6 29. Bc5 Rc8 30. Qe7 Qh3 31. Rd8+ 1-0


[Site "https://www.chess.com"]

[Event "Titled Tuesday Blitz September 21 2021"]
[White "Ronka, Erik"]
[Black "Siva Mahadevan"]
[WhiteFideId "505080"]
[BlackFideId "25043153"]
[WhiteElo "2264"]
[BlackElo "2203"]
[Result "0-1"]
[Round "03"]
[TimeControl "180+1"]
[Date "2021.09.21"]
[WhiteClock "0:00:16"]
[BlackClock "0:01:41"]

1. e4 c5 2. Nf3 Nc6 3. Nc3 d6 4. d4 cxd4 5. Nxd4 Nf6 6. Bc4 e6 7. Be3 a6 8. Bb3 Qc7 9. f4 Na5 10. f5 Nc4 11. Bxc4 Qxc4 12. Qd2 e5 13. b3 Qb4 14. a3 Qa5 15. Nde2 h6 16. O-O Bd7 17. Kh1 Bc6 18. b4 Qc7 19. Nd5 Bxd5 20. exd5 Qc4 21. Rfd1 Rc8 22. c3 Be7 23. Rac1 O-O 24. Ng3 Kh7 25. Qe2 Qxe2 26. Nxe2 Rc4 27. h3 Rfc8 28. Kg1 Ne4 29. Bd2 Nxd2 30. Rxd2 Bg5 0-1


[Site "https://www.chess.com"]

[Event "Titled Tuesday Blitz September 21 2021"]
[White "Rustemov, Alexander"]
[Black "Krasilnikov, Evgeni"]
[WhiteFideId "4119002"]
[BlackFideId "4139739"]
[WhiteElo "2760"]
[BlackElo "2295"]
[Result "1/2-1/2"]
[Round "03"]
[TimeControl "180+1"]
[Date "2021.09.21"]
[WhiteClock "0:00:11"]
[BlackClock "0:00:10"]

1. d4 Nf6 2. c4 g6 3. Nf3 Bg7 4. g3 O-O 5. Bg2 d6 6. Nc3 c6 7. O-O Qa5 8. e4 Qh5 9. Ng5 Qxd1 10. Rxd1 h6 11. Nf3 Bg4 12. h3 Bxf3 13. Bxf3 Nbd7 14. Be3 e5 15. d5 c5 16. a3 Rfc8 17. Rab1 Ne8 18. Bg4 Rd8 19. h4 Nc7 20. b4 b6 21. Bxd7 Rxd7 22. bxc5 dxc5 23. a4 Ne8 24. a5 bxa5 25. Na4 Nd6 26. Nxc5 Rc7 27. Rdc1 Rac8 28. Nb3 Nxc4 29. Bc5 a4 30. d6 Rd7 31. Rxc4 axb3 32. Rxb3 Rxd6 33. Bxd6 Rxc4 34. Rb8+ Kh7 35. f3 Rc6 36. Rd8 a5 37. Rd7 Kg8 38. Kf2 a4 39. Ke3 a3 40. Bxa3 Rc3+ 41. Rd3 Rxd3+ 42. Kxd3 f6 43. Kc4 Kf7 44. Kd5 h5 45. Bc5 Bh6 46. Bf2 Bd2 47. Kd6 Bb4+ 48. Kd7 Bd2 49. g4 Bc1 50. Bg3 Bd2 51. Kd6 Bb4+ 52. Kd5 Bc3 53. g5 Bb2 54. gxf6 Kxf6 55. Bf2 Bc3 56. Be3 Bb2 57. Bg5+ Kf7 58. Kc4 Ba1 59. Kc5 Ke6 60. Kc6 Bd4 61. Kb5 Bc3 62. Kc4 Bd4 63. Kd3 Bb2 64. Ke2 Bd4 65. Kd2 Bb2 66. Kd3 Bd4 67. f4 Bb2 68. fxe5 Bxe5 69. Ke3 Bc3 70. Kf4 Bd2+ 71. Kf3 Bxg5 72. hxg5 Ke5 73. Ke3 h4 74. Kf3 h3 75. Kg3 Kxe4 76. Kxh3 Kf4 77. Kh4 Kf5 78. Kh3 Kxg5 79. Kg3 Kh5 80. Kh3 g5 81. Kg3 g4 82. Kg2 1/2-1/2


[Site "https://www.chess.com"]